 Dungeon Sprint DCSS version 0.31.0-32-g396128a36d (webtiles) character file.

Game seed: 14870932210247818104

271 Heoruswealwe the Spear-Bearer (level 6, -7/62 HPs)
             Began as a Minotaur Fighter on Mar 8, 2024.
             Was an Initiate of Gozag.
             Mangled by a komodo dragon (9 damage)
             ... in the Dungeon (Sprint IX: "|||||||||||||||||||||||||||||").
             The game lasted 00:01:06 (97 turns).

Heoruswealwe the Spear-Bearer (Minotaur Fighter)      Turns: 97, Time: 00:01:07

Health: -7/62      AC:  8    Str: 22    XL:     6   Next: 2%
Magic:  5/5        EV:  9    Int:  5    God:    Gozag
Gold:   0          SH:  4    Dex: 10    Spells: 5/5 levels left

rFire   . . .        a - +0 trident
rCold   . . .        d - +0 buckler
rNeg    . . .        c - +0 scale mail
rPois   .            (helmet restricted)
rElec   .            (no cloak)
rCorr   .            (no gloves)
SInv    .            (no boots)
Will    .....        (no amulet) Stlth
                     (no ring)
HPRegen 0.30/turn    (no ring)
MPRegen 0.09/turn

%: no teleportation
@: gold aura
A: horns 2, retaliatory headbutt
a: Renounce Religion, Potion Petition, Call Merchant, Bribe Branch


You were in the Dungeon.
You worshipped Gozag.
Gozag was noncommittal.
You visited 1 branch

Inventory:

Hand Weapons
 a - a +0 trident (weapon)
Armour
 c - a +0 scale mail (worn)
 d - a +0 buckler (worn)
Jewellery
 k - a +3 ring of intelligence
 l - a +3 ring of intelligence
Wands
 h - a wand of iceblast (10)
Scrolls
 j - 2 scrolls of blinking
Potions
 b - a potion of might
 e - 5 potions of curing
 f - 2 potions of heal wounds
 g - a potion of haste
 i - a potion of berserk rage


   Skills:
 + Level 8.3 Fighting
 * Level 10.8 Polearms
 + Level 8.3 Armour
 - Level 3.6 Shields


You had 5 spell levels left.
You didn't know any spells.
Your spell library was empty.

Dungeon Overview and Level Annotations

Branches:
Dungeon (1/1)

Altars:
Cheibriados
Dithmenos
Elyvilon
Fedhas
Gozag
Hepliaklqana
Kikubaaqudgha
Makhleb
Nemelex Xobeh
Okawaru
Qazlal
Ru
Sif Muna
Trog
Uskayaw
Vehumet
Wu Jian
Xom
Yredelemnul
Zin
The Shining One
Jiyva
Lugonu


Innate Abilities, Weirdness & Mutations

You have a pair of horns on your head.
You reflexively headbutt those who attack you in melee.


Message History

Items here: )))))).
Okay, then.
You see here a +0 pair of boots.
You see here a +0 pair of boots.
You see here a +0 plate armour.
k - a +3 ring of intelligence
l - a +3 ring of intelligence You open the door.
A shadow, a killer bee, a komodo dragon, a yak, an orc warrior and an acid dragon come into view.
The killer bee buzzes angrily.
The komodo dragon hisses angrily.
The yak bellows!
The orc warrior shouts!
The acid dragon roars!
You closely miss the shadow. You headbutt the shadow!
The shadow is heavily damaged.
The shadow hits you.
You hit the shadow.
The shadow is almost destroyed.
You block the shadow's attack.
You barely miss the shadow. You headbutt the shadow.
You destroy the shadow!
Your Fighting skill gained 2 levels and is now at level 8!
Your Polearms skill gained 2 levels and is now at level 10!
Your Armour skill gained 2 levels and is now at level 8!
You have reached level 5!
You have reached level 6!
The komodo dragon bites you!
There is an open door to the Dungeon here.
You see here 54 gold pieces.
You closely miss the komodo dragon.
The acid dragon is distracted by your dazzling golden aura.
The komodo dragon bites you.
You hit the komodo dragon. You headbutt the komodo dragon.
The komodo dragon is lightly wounded.
The komodo dragon bites you!!
* * * LOW HITPOINT WARNING * * *
You hit the komodo dragon.
The komodo dragon is lightly wounded.
The acid dragon is no longer distracted by gold.
The komodo dragon bites you!
You die...
Your body crumbles into a pile of gold. ▓▓▓▓▓▓▓▓▓▓▓▓▓▓▓▓▓▓▓▓▓▓▓▓ ______'!?).[[[..@lYyoD.+ ▓▓▓▓▓▓▓▓▓▓▓▓▓▓▓▓▓▓▓▓▓▓▓▓

You could see a komodo dragon, a yak, an orc warrior, an acid dragon and a killer bee.

Vanquished Creatures
  A shadow (D)
  A centaur (D)
  A jelly (D)
  An ufetubus (D)
  2 orcs (D)
  2 goblins (D)
  A hobgoblin (D)
  A quokka (D)
  A kobold (D)
11 creatures vanquished.

Notes
Turn   | Place    | Note
-------+----------+-------------------------------------------
     0 | D        | Heoruswealwe the Minotaur Fighter began the quest for the
                  | Orb.
     0 | D        | Reached XP level 1. HP: 19/19 MP: 0/0
     5 | D        | Reached skill level 3 in Polearms
    19 | D        | Noticed a centaur
    19 | D        | Noticed a jelly
    28 | D        | Killed a centaur
    29 | D        | Reached skill level 7 in Polearms
    29 | D        | Reached XP level 2. HP: 18/30 MP: 1/1
    29 | D        | Reached XP level 3. HP: 22/37 MP: 2/2
    29 | D        | Reached XP level 4. HP: 26/44 MP: 3/3
    32 | D        | Reached skill level 8 in Polearms
    46 | D        | Found a snail-covered altar of Cheibriados.
    46 | D        | Found a shadowy altar of Dithmenos.
    46 | D        | Found a white marble altar of Elyvilon.
    46 | D        | Found a blossoming altar of Fedhas.
    46 | D        | Found an opulent altar of Gozag.
    47 | D        | Found a hazy altar of Hepliaklqana.
    48 | D        | Found a viscous altar of Jiyva.
    49 | D        | Found an ancient bone altar of Kikubaaqudgha.
    50 | D        | Found a corrupted altar of Lugonu.
    51 | D        | Found a burning altar of Makhleb.
    52 | D        | Found a sparkling altar of Nemelex Xobeh.
    53 | D        | Found an iron altar of Okawaru.
    54 | D        | Became a worshipper of Gozag Ym Sagoz the Greedy
    55 | D        | Found a stormy altar of Qazlal.
    56 | D        | Found a sacrificial altar of Ru.
    57 | D        | Found a shimmering blue altar of Sif Muna.
    58 | D        | Found a bloodstained altar of Trog.
    59 | D        | Found a hide-covered altar of Uskayaw.
    60 | D        | Found a radiant altar of Vehumet.
    61 | D        | Found an ornate altar of the Wu Jian Council.
    62 | D        | Found a shimmering altar of Xom.
    63 | D        | Found a basalt altar of Yredelemnul.
    64 | D        | Found a glowing silver altar of Zin.
    65 | D        | Found a glowing golden altar of the Shining One.
    90 | D        | Noticed a shadow
    90 | D        | Noticed a komodo dragon
    90 | D        | Noticed a yak
    90 | D        | Noticed an orc warrior
    90 | D        | Noticed an acid dragon
    93 | D        | Killed a shadow
    94 | D        | Reached skill level 10 in Polearms
    94 | D        | Reached XP level 5. HP: 27/55 MP: 4/4
    94 | D        | Reached XP level 6. HP: 30/62 MP: 5/5
    96 | D        | HP: 2/62 [komodo dragon (18)]
    97 | D        | Mangled by a komodo dragon

Illustrated notes

Levels and vault maps discovered:
D:        linesprint [early_d, line_temple, items_1, d_10, items_2, lair_1,
          lair_end, items_3, orc_1, orc_end, items_4, d_15, swamp_1, shoals_1,
          snake_1, spider_1, d_20, vaults_1, items_5, swamp_end, shoals_end,
          snake_end, spider_end, vaults_end, d_27, items_6, zot_1, zot_end,
          crypt_end, forest_end, elf_end, slime_end, tomb_end, abyss_end,
          pan_hell_end]

Skill      XL: |  1  2  3  4 |
---------------+-------------+-----
Polearms       | 7 10 | 10.8
Fighting       | 6 8 |  8.3
Armour         | 6 8 |  8.3
Shields        | |  3.6

Action                     |  1- 3 |  4- 6 || total
---------------------------+-------+-------++-------
  Melee: Trident           |    16 |    18 ||    34
         Headbutt          |     3 |     5 ||     8
    Use: Potion            |     1 |       ||     1
 Armour: Scale mail        |    18 |    15 ||    33
  Dodge: Dodged            |    10 |     8 ||    18
  Block: Buckler           |     4 |     4 ||     8
